 Dungeon Crawl Stone Soup version 0.32-a0-468-g38b2580 (webtiles) character file.

Game seed: 9375081243966234664

65 Dorkslayer the Shield-Bearer (level 3, -2/31 HPs)
             Began as a Demigod Fighter on Feb 24, 2024.
             Slain by Terence
             ... wielding a +4 trident of protection
              (5 damage)
             ... on level 2 of the Dungeon.
             The game lasted 00:04:14 (1541 turns).

Dorkslayer the Shield-Bearer (Demigod Fighter)      Turns: 1541, Time: 00:04:14

Health: -2/31      AC:  6    Str: 21    XL:     3   Next: 66%
Magic:  5/5        EV:  9    Int: 10    God:
Gold:   141        SH:  4    Dex: 13    Spells: 2/2 levels left

rFire   . .          .
                       - Unarmed
rCold   . . .        b - +0 buckler
rNeg    . . .        a - +0 scale mail
rPois   .            (no helmet)
rElec   .            (no cloak)
rCorr   .            (no gloves)
SInv    .            (no boots)
Will    .....        (no amulet) Stlth
                     (no ring)
HPRegen 0.25/turn    (no ring)
MPRegen 0.09/turn

%: no passive effects
@: no status effects
A: high MP 1, forlorn, divine attributes
a: no special abilities


You were on level 2 of the Dungeon.
You visited 1 branch of the dungeon, and saw 2 of its levels.

You collected 141 gold pieces.

Inventory:

Missiles
 d - 3 boomerangs (quivered)
Armour
 a - a +0 scale mail (worn)
 b - a +0 buckler (worn)
Talismans
 e - a storm talisman
Scrolls
 c - a scroll of fear {unknown}
 f - a scroll of poison {unknown}
 h - 2 scrolls of identify
 m - a scroll of enchant weapon {unknown}
Potions
 g - a potion of heal wounds
 i - a potion of ambrosia {unknown}
 j - a potion of attraction {unknown}
 k - a potion of cancellation {unknown}
 l - a potion of haste


   Skills:
 + Level 3.0 Fighting
 + Level 3.0 Armour
 * Level 0.5 Dodging
 + Level 3.1 Shields
 * Level 2.7 Unarmed Combat


You had 2 spell levels left.
You didn't know any spells.
Your spell library contained the following spells:

 Spells                   Type           Power      Damage    Failure   Level
 Tukima's Dance           Hex            0%         N/A       98%         3
 Passage of Golubria      Tloc           0%         N/A       100%        4
 Yara's Violent Unravell  Hex/Alch       0%         3d3       100%        5


Dungeon Overview and Level Annotations

Branches:
Dungeon (2/15)

Annotations:
D:2 Terence


Innate Abilities, Weirdness & Mutations

You have an increased reservoir of magic. (+10% MP)
You shall have no god before yourself.
Your divine heritage dramatically boosts your attributes as you level up.


Message History

You closely miss the rat. The rat bites you but does no damage.
You punch the rat!
You kill the rat!
Found a scroll labelled TAXAJE AZIHO.
You now have 141 gold pieces (gained 15).
Terence the Incautious comes into view.
He is wielding a +4 trident of protection.
Terence shouts!
You see here a scroll labelled TAXAJE AZIHO.
m - a scroll labelled TAXAJE AZIHO Terence shouts, "Get ready for death!"
Terence hits you with a +4 trident of protection.
You closely miss Terence.
Terence says, "Don't bother to defend, it's senseless."
Terence hits you with a +4 trident of protection.
You barely miss Terence. You hit Terence but do no damage.
Terence barely misses you.
You hit Terence but do no damage. Terence hits you but does no damage.
You hit Terence but do no damage.
Terence bares his teeth.
Terence hits you but does no damage.
You completely miss Terence.
Terence hits you with a +4 trident of protection.
You hit Terence but do no damage. You block Terence's attack.
You hit Terence but do no damage.
Terence hits you with a +4 trident of protection.
You hit Terence but do no damage.
Terence hits you with a +4 trident of protection.
You hit Terence but do no damage.
Terence hits you with a +4 trident of protection!
You closely miss Terence. Terence says, "Did you write a will?
You should..."
Terence hits you with a +4 trident of protection.
* * * LOW HITPOINT WARNING * * *
You hit Terence but do no damage.
Terence hits you with a +4 trident of protection.
* * * LOW HITPOINT WARNING * * *
You barely miss Terence.
Terence hits you with a +4 trident of protection.
You die...
Terence says, "Rest in peace."

#..##....#######..#...<...#
#...#....# ###...#######.#
#...#....####.....# #.#
..................#### #.#####
###################..# #.....#
.## ##..#.# #####...#######.#
#.## ##.#.#.###...<.....#.....#
##.###.##.#......##...#.#.#####
###...###.#.##..@@...##.#.#
########.#...#.......##.#.#
........###......._..##.#.#######
########.#...#.#.....##.......)..
........#.#.##.#.....####.#######
#######.#^#.##.#####.# #.#
#......... .# #.# #####.##.# #
#.# #.##.# #.#


You could see Terence.

Vanquished Creatures
  An adder (D:2)
  2 ribbon worms (D:2)
  4 ball pythons
  6 endoplasms
  5 giant cockroaches
  9 goblins
  3 hobgoblins
  3 kobolds
  3 quokkas
  2 bats (D:2)
  4 frilled lizards
  4 rats
46 creatures vanquished.

Notes
Turn   | Place    | Note
-------+----------+-------------------------------------------
     0 | D:1      | Dorkslayer the Demigod Fighter began the quest for the Orb.
     0 | D:1      | Reached XP level 1. HP: 18/18 MP: 3/3
    93 | D:1      | Reached XP level 2. HP: 15/25 MP: 4/4
  1010 | D:2      | Reached XP level 3. HP: 31/31 MP: 5/5
  1524 | D:2      | Noticed Terence
  1541 | D:2      | Slain by Terence

Illustrated notes

Levels and vault maps discovered:
D:1:      mainiacjoe_arrival_oval_in_oval, layout_loops_cross,
          shapermc_ecumenical_altar_mp_vishouse, minmay_heptomino_w4
D:2:      minmay_recursive_quarters, layout_loops_ring, basic_altar,
          minmay_fractal_squares_gapless_5, uniq_terence

Skill      XL: |  1  2  3 |
---------------+----------+-----
Unarmed Combat | 2 |  2.7
Shields        | 3 |  3.1
Fighting       | 3 |  3.0
Armour         | 3 |  3.0
Dodging        | |  0.5

Action                     || total
---------------------------++-------
  Melee: Unarmed           ||   234
    Use: Potion            ||     5
         Scroll            ||     1
 Armour: Scale mail        ||   127
         Skin              ||     1
  Dodge: Dodged            ||    74
  Block: Buckler           ||    45

Table legend: (Time is in decaauts)
 A = Elapsed time spent in this place.
 B = Non-inter-level travel time spent in this place.
 C = Inter-level travel time spent in this place.
 D = Time resting spent in this place.
 E = Time spent auto-exploring this place.
 F = Levels seen in this place.
 G = Mean time per level.
                   A        B        C        D        E       F      G
               +--------+--------+--------+--------+--------+-----+--------+
         Total |   1503 |   1503 |      0 |    109 |    544 |   2 |  751.5 |
       Dungeon |   1503 |   1503 |      0 |    109 |    544 |   2 |  751.5 |
               +--------+--------+--------+--------+--------+-----+--------+

Top non-repeatable levels by time:
     D:1: 764 daAuts
     D:2: 739 daAuts
